 Dungeon Crawl Stone Soup version 0.31-a0-221-gbddc013574 (webtiles) character file.

Game seed: 8733924463578105229

664 qw the Blocker (level 7, 0/41 HPs)
             Began as a Gargoyle Fighter on July 3, 2023.
             Slain by a howler monkey (4 damage)
             ... on level 5 of the Dungeon.
             The game lasted 00:01:49 (3715 turns).

qw the Blocker (Gargoyle Fighter)                   Turns: 3715, Time: 00:01:50

Health: 0/41       AC: 16    Str: 22    XL:     7   Next: 57%
Magic:  7/7        EV:  6    Int:  8    God:
Gold:   158        SH: 19    Dex: 12    Spells: 6/6 levels left

rFire   + . .        f - +0 hand axe of Anguish {flame, *Corrode rF+ Dex+3}
rCold   + . .        k - +0 tower shield
rNeg    + . .        g - +0 chain mail
rPois   inf          (no helmet)
rElec   +            (no cloak)
rCorr   .            n - +1 pair of gloves
SInv    .            (no boots)
Will    .....        j - amulet of reflection Stlth
                     c - ring of protection from cold
HPRegen 0.26/turn    (no ring)
MPRegen 0.10/turn

%: corrode self (3%), reflection
@: no status effects
A: sickness immunity, AC +4, negative energy resistance 1, electricity
resistance, torment resistance 1, petrification resistance
a: no special abilities


You were on level 5 of the Dungeon.
You visited 1 branch of the dungeon, and saw 5 of its levels.

You collected 158 gold pieces.


Innate Abilities, Weirdness & Mutations

You are immune to sickness and miasma.
Your stone body is resilient. (AC +4)
You are immune to poison.
You resist negative energy. (rN+)
You are resistant to electric shocks. (rElec)
You are resistant to unholy torment.
You are immune to petrification.


   Skills:
 - Level 3.2 Fighting
 + Level 4.3 Axes
 - Level 3.2 Armour
 - Level 8.0 Shields


You had 6 spell levels left.
You didn't know any spells.
Your spell library was empty.

Inventory:

Hand Weapons
 b - a +1 war axe
 f - the +0 hand axe of Anguish (weapon) {flame, *Corrode rF+ Dex+3}
   (You took it off an orc on level 3 of the Dungeon)

   Dex:       It affects your dexterity (+3).
   rF:        It protects you from fire.
   *Corrode:  It may corrode you when you take damage.
Armour
 g - a +0 chain mail (worn)
 k - a +0 tower shield (worn)
 n - a +1 pair of gloves (worn)
Jewellery
 c - a ring of protection from cold (left hand)
 j - an amulet of reflection (around neck)
Scrolls
 e - a scroll of identify
Potions
 d - a potion of might
 i - a potion of curing
 l - 2 potions of resistance
 o - a potion of heal wounds {unknown}
 r - a potion of magic {unknown}

Dungeon Overview and Level Annotations

Branches:
Dungeon (5/15)
 Temple: D:4-7

Altars:


Message History

You hit the orc priest. You burn the orc priest.
You kill the orc priest!
You hit the scorpion but do no damage. You block the scorpion's attack. x2
Your Shields skill increases to level 8!
You completely miss the scorpion.
The scorpion is lightly wounded.
You block the scorpion's attack.
You hit the scorpion but do no damage.
The scorpion is lightly wounded.
Your surroundings suddenly seem different.
A howler monkey and a phantom come into view.
The howler monkey howls!
The howler monkey hoots and howls with incredible vigour!
Enter note: The howler monkey hoots and howls with incredible vigour!
You hit the phantom but do no damage. You block the phantom's attack.
You barely miss the phantom. You block the phantom's attack.
The howler monkey hoots and howls with incredible vigour!
You hear a shout!
You miss the phantom.
You hit the howler monkey but do no damage.
You block the phantom's attack. You block the howler monkey's attack.
You closely miss the phantom. You hit the howler monkey.
You burn the howler monkey. You block the howler monkey's attack.
You block the phantom's attack. You block the howler monkey's attack.
The phantom completely misses you.
You hit the howler monkey but do no damage.
The howler monkey is lightly wounded.
You hit the phantom. You burn the phantom.
You block the howler monkey's attack.
The phantom hits you but does no damage.
You barely miss the phantom.
The phantom is lightly damaged.
You closely miss the howler monkey. You block the howler monkey's attack.
The phantom hits you. The howler monkey hits you.
You die...

.......
.......##
........#
........#
........### .#
..........#..#
......h.....#
......W@.#
.........#
........##
.......##
#.....# ##...#
####


You could see a phantom and a howler monkey.

Vanquished Creatures
  A water moccasin (D:5)
  An ogre (D:4)
  A scorpion (D:4)
  2 hounds
  A jelly (D:5)
  An orc priest (D:5)
  2 iguanas (D:5)
  Natasha (D:2)
  4 orc wizards
  A gnoll (D:4)
  2 adders (D:4)
  An ufetubus (D:5)
  2 worms
  3 dart slugs
  9 orcs
  6 bats
  3 endoplasms
  2 giant cockroaches
  4 goblins
  8 hobgoblins
  4 jackals (D:1)
  10 kobolds
  5 quokkas
  6 ball pythons
  4 frilled lizards
  3 rats
87 creatures vanquished.

Notes
Turn   | Place    | Note
-------+----------+-------------------------------------------
     0 | D:1      | qw the Gargoyle Fighter began the quest for the Orb.
     0 | D:1      | Reached XP level 1. HP: 14/14 MP: 1/1
     0 | D:1      | 0 ||| qw: Version: 0.3-a-40-ge99b1a8
     0 | D:1      | 0 ||| qw: Game counter: 613
     0 | D:1      | 0 ||| qw: Melee chars always use a shield: true
     0 | D:1      | 0 ||| qw: God list: Okawaru
     0 | D:1      | 0 ||| qw: Allow faded altars: false
     0 | D:1      | 0 ||| qw: Do Orc after clearing Dungeon:15 true
     0 | D:1      | 0 ||| qw: Do second Lair branch before Depths: true
     0 | D:1      | 0 ||| qw: Lair rune preference: random
     0 | D:1      | 0 ||| qw: Goals: Normal, Zot:1-4, Slime:5, God:TSO, Crypt,
                  | Tomb, Abyss, Pan, Hells, Win
     0 | D:1      | 0 ||| PLANNING D:1-11
    52 | D:1      | Reached XP level 2. HP: 18/19 MP: 2/2
    90 | D:1      | 90 ||| Stepping ~*~*~tactically~*~*~ (hiding).
   258 | D:1      | Reached skill level 3 in Axes
   333 | D:1      | Reached XP level 3. HP: 23/23 MP: 3/3
   617 | D:1      | 617 ||| UPGRADING to +0 tower shield.
   627 | D:1      | 627 ||| DROPPING +0 buckler.
   628 | D:1      | 628 ||| UPGRADING to amulet of reflection.
   633 | D:1      | 633 ||| DROPPING +6 ring of intelligence.
   634 | D:1      | 634 ||| READING 3 scrolls labelled QIETRU UWEMA.
   637 | D:1      | 637 ||| READING scroll labelled POJAEGRICIR.
   638 | D:1      | 638 ||| READING scroll labelled YRIARPH LAOMI.
   639 | D:1      | 639 ||| DRINKING 2 white potions.
   640 | D:1      | 640 ||| DROPPING potion of brilliance.
   811 | D:2      | Noticed Natasha
   816 | D:2      | Killed Natasha
   817 | D:2      | Reached skill level 4 in Shields
   817 | D:2      | Reached XP level 4. HP: 20/28 MP: 4/4
  1393 | D:2      | 1393 ||| UPGRADING to +0 chain mail.
  1403 | D:2      | 1403 ||| DROPPING +0 scale mail.
  1404 | D:2      | 1404 ||| UPGRADING to ring of protection from cold.
  1405 | D:2      | 1405 ||| READING scroll labelled RAOBBA WIXIGEO.
  1491 | D:3      | 1491 ||| Stepping ~*~*~tactically~*~*~ (stealth).
  1638 | D:3      | 1638 ||| DROPPING +0 club.
  1663 | D:3      | Identified the +0 hand axe of Anguish {flame, *Corrode rF+
                  | Dex+3}
  1667 | D:3      | Reached skill level 5 in Shields
  1667 | D:3      | Reached XP level 5. HP: 27/32 MP: 5/5
  1692 | D:3      | 1692 ||| SWAPPING to +0 hand axe of Anguish {flame,
                  | *Corrode rF+ Dex+3}.
  1693 | D:3      | 1693 ||| DROPPING +0 whip.
  1929 | D:3      | 1929 ||| READING scroll labelled JEYREC INEADDU.
  2009 | D:3      | 2009 ||| DRINKING 2 fuming blue potions.
  2085 | D:4      | 2085 ||| Stepping ~*~*~tactically~*~*~ (hiding).
  2275 | D:4      | Reached skill level 6 in Shields
  2625 | D:4      | Reached XP level 6. HP: 35/37 MP: 6/6
  2706 | D:4      | 2706 ||| Stepping ~*~*~tactically~*~*~ (hiding).
  2790 | D:4      | HP: 5/37 [ogre/+0 giant club (10)]
  2791 | D:4      | 2791 ||| READING 2 scrolls of teleportation.
  2795 | D:4      | Reached skill level 7 in Shields
  3485 | D:4      | 3485 ||| UPGRADING to +0 pair of gloves.
  3490 | D:4      | 3490 ||| UPGRADING to +1 pair of gloves.
  3500 | D:4      | 3500 ||| DROPPING +0 pair of gloves.
  3501 | D:4      | 3501 ||| READING 2 scrolls labelled SECINA ACANN.
  3502 | D:4      | 3502 ||| READING scroll labelled NYFOPO TAIMUMA.
  3503 | D:4      | 3503 ||| READING scroll labelled UFOCEF QUAST.
  3515 | D:4      | 3515 ||| READING scroll labelled RAGAYFIXIO.
  3516 | D:4      | 3516 ||| DRINKING 2 grey potions.
  3526 | D:4      | 3526 ||| DROPPING scroll of poison.
  3594 | D:5      | Entered Level 5 of the Dungeon
  3624 | D:5      | Reached XP level 7. HP: 41/41 MP: 7/7
  3683 | D:5      | 3683 ||| Stepping ~*~*~tactically~*~*~ (hiding).
  3702 | D:5      | HP: 5/41 [orc priest/divine providence (11)]
  3703 | D:5      | 3703 ||| READING scroll of teleportation.
  3706 | D:5      | Reached skill level 8 in Shields
  3715 | D:5      | HP: 4/41 [phantom (5)]
  3715 | D:5      | Slain by a howler monkey

Levels and vault maps discovered:
D:1:      lightli_arrival_chessboard, layout_rooms, hex_medium,
          minmay_misc_feat_alley
D:2:      layout_loops_ring, serial_rivers, chequers_serial_rivers_large_a,
          chequers_serial_rivers_micro_e, chequers_serial_rivers_micro_a,
          chequers_serial_rivers_room_b, uniq_natasha
D:3:      layout_rooms, kennysheep_generic_room_13
D:4:      layout_basic, minmay_liquid_box, kennysheep_generic_room_8
D:5:      layout_cave_pods, lemuel_round_altar

Skill      XL: |  1  2  3  4  5  6  7 |
---------------+----------------------+-----
Axes           | 2 3 4 |  4.3
Shields        | 4 5 6 7 8 |  8.0
Fighting       | |  3.2
Armour         | |  3.2

Action                     |  1- 3 |  4- 6 |  7- 9 || total
---------------------------+-------+-------+-------++-------
  Melee: War axe           |    73 |    64 |       ||   137
         Hand axe          |       |   118 |    45 ||   163
  Throw: Boomerang         |       |     3 |       ||     3
    Use: Scroll            |     3 |     7 |     1 ||    11
         Potion            |     1 |     2 |       ||     3
 Armour: Scale mail        |    34 |     7 |       ||    41
         Chain mail        |       |    43 |    23 ||    66
  Dodge: Dodged            |    31 |    25 |     6 ||    62
  Block: Buckler           |    14 |       |       ||    14
         Tower shield      |    19 |   174 |    56 ||   249
         Reflection        |       |     2 |       ||     2

Table legend:
 A = Non-vault XP
 B = Vault XP
 C = Vault XP percentage of total XP
 D = Non-vault monster count
 E = Vault monster count
 F = Vault count percentage of total count
                 A         B        C        D         E       F
            +---------+---------+-------+---------+---------+-------
      Total |     896 |      53 |   5.6 |      84 |       3 |   3.4
            +---------+---------+-------+---------+---------+-------
        D:1 |      41 |       0 |   0.0 |      23 |       0 |   0.0
        D:2 |      25 |      35 |  58.3 |      15 |       1 |   6.2
        D:3 |      96 |       4 |   4.0 |      14 |       1 |   6.7
        D:4 |     343 |      14 |   3.9 |      22 |       1 |   4.3
        D:5 |     391 |       0 |   0.0 |      10 |       0 |   0.0
            +---------+---------+-------+---------+---------+-------
